 Dungeon Crawl Stone Soup version 0.27-a0-65-gfb268537a3 (webtiles) character file.

Game seed: 9847290076401705644

7242 tatocazan the Covert (level 11, -5/74 HPs)
             Began as an Octopode Brigand on Jan 9, 2021.
             Was a Believer of Dithmenos.
             Engulfed by a death drake's foul pestilence (17 damage)
             ... in a Gauntlet.
             The game lasted 00:19:09 (15930 turns).

tatocazan the Covert (Octopode Brigand)            Turns: 15930, Time: 00:19:10

Health: -5/74      AC:  5    Str: 11    XL:     11   Next: 12%
Magic:  14/14      EV: 18    Int: 13    God:    Dithmenos [**....]
Gold:   788        SH:  5    Dex: 23    Spells: 10/10 levels left

rFire    . . .     SeeInvis +   C - +1 short sword (flame)
rCold    + . .     Faith    .   (no shield)
rNeg     . . .     Spirit   .   (helmet restricted)
rPois    .         Reflect  +   p - amulet of reflection
rElec    .         Harm     .   o - +4 ring of protection
rCorr    .         Rampage  .   g - ring of see invisible
Will     .....     NoTele   +   w - ring of protection from cold
Stlth    +++++++++.             N - +6 ring of dexterity
HPRegen  0.22/turn              (no ring)
MPRegen  0.14/turn              (no ring)
                                (no ring)
                                (no ring)

@: lethally poisoned (-5 -> -61), slowed, wreathed by umbra, very slow
A: almost no armour, stealthy swim, amphibious, 8 rings, constrict 8, camouflage
1, gelatinous body 1
a: Renounce Religion, Shadow Step


You were in a Gauntlet.
You worshipped Dithmenos.
Dithmenos was pleased with you.
You visited 2 branches of the dungeon, and saw 13 of its levels.
You also visited: Sewer and Gauntlet.

You collected 788 gold pieces.

Inventory:

Hand Weapons
 a - a +3 dagger
 C - a +1 short sword of flaming (weapon)
Missiles
 b - 46 poisoned darts (quivered)
 c - 2 curare-tipped darts
 y - a throwing net
Jewellery
 g - a ring of see invisible (right tentacle)
 i - the ring "Tiasia" {rN+ Str+3 Dex+6, unknown}
   (You found it in a Gauntlet)

   [ring of dexterity]

   It affects your strength (+3).
   It affects your dexterity (+6).
   It protects you from negative energy.
 o - a +4 ring of protection (left tentacle)
 p - an amulet of reflection (around mantle)
 s - an uncursed amulet of magic regeneration {unknown}
 u - an uncursed amulet of the acrobat
 w - a ring of protection from cold (on tentacle)
 x - an uncursed amulet of faith {unknown}
 N - a +6 ring of dexterity (on tentacle)
Wands
 t - a wand of iceblast (20)
 A - a wand of random effects (13)
 H - a wand of paralysis (9)
 L - a wand of acid (2)
 P - a wand of polymorph (11)
Scrolls
 e - 3 scrolls of teleportation
 f - a scroll of immolation
 j - a scroll of noise
 l - 3 scrolls of enchant weapon
 q - 2 scrolls of fog
 r - 8 scrolls of identify
 v - 4 scrolls of remove curse
 E - a scroll of amnesia
 I - a scroll of holy word
Potions
 d - a potion of brilliance
 h - 3 potions of flight
 k - 3 potions of magic
 m - a potion of curing
 n - 12 potions of degeneration
 z - a potion of haste
 B - 2 potions of heal wounds
 D - 2 potions of might
 M - a potion of ambrosia
 O - 2 potions of cancellation
Miscellaneous
 J - a phantom mirror
 K - a lightning rod (4/4)


   Skills:
 + Level 6.6 Fighting
 * Level 9.3 Short Blades
 - Level 5.1 Throwing
 + Level 6.3 Dodging
 * Level 13.3 Stealth
 + Level 4.1 Invocations


You had 10 spell levels left.
You didn't know any spells.
Your spell library contained the following spells:

 Spells                   Type           Power        Failure   Level
 Magic Dart               Conj           0%           30%         1
 Blink                    Tloc           N/A          43%         2
 Call Imp                 Summ           0%           43%         2
 Slow                     Hex            0%           43%         2
 Conjure Flame            Conj/Fire      0%           67%         3
 Mephitic Cloud           Conj/Pois/Air  0%           67%         3


Dungeon Overview and Level Annotations

Branches:
Dungeon (13/15)            Temple (1/1) D:7            Lair (0/6) D:9
    Orc (0/2) D:9           Sewer (visited)         Gauntlet (1/1)
 Vaults: D:13-14

Altars:
Ashenzari
Cheibriados
Dithmenos
Elyvilon
Fedhas
Gozag
Hepliaklqana
Kikubaaqudgha
Makhleb
Nemelex Xobeh
Okawaru
Qazlal
Ru
Sif Muna
Trog
Uskayaw
Vehumet
Wu Jian
Xom
Yredelemnul
Zin
The Shining One

Shops:
D:7 [   D:10 !

Portals:
Ice
Cave: D:11

Annotations:
D:9 2 transporters
D:13 2 runed translucent doors Gauntlet 11 transporters, exclusion: 2 lightning spires


Innate Abilities, Weirdness & Mutations

You cannot wear most types of armour.
You are very stealthy in the water. (Stealth+)
You are amphibious.
You can wear up to eight rings at the same time.
You can use your tentacles to constrict eight enemies at once.
Your skin changes colour to match your surroundings (Stealth+).
Your rubbery body absorbs attacks. (AC +1, EV +1)


Message History

The spectral hornet hits you!
* * * LOW HITPOINT WARNING * * *
The spectral centaur warrior closely misses you.
You see here a heavily runed pewter ring.
You take 30 damage, and have 5/74 hp.
MASSIVE DAMAGE!!
You feel much better.
You are engulfed in dark miasma.
You are lethally poisoned!
You feel as though you will be slow longer.
* * * LOW HITPOINT WARNING * * *
x2 You feel very sick.
The spectral hornet barely misses you.
The spectral centaur warrior misses you.
The death drake barely misses you. The spectral hornet misses you.
The spectral centaur warrior hits you but does no damage.
The death drake closely misses you.
You regained 7 hp, and now have 12/74 hp.
i - a heavily runed pewter ring You are engulfed in dark miasma.
You are more poisoned.
You die...

#§..#9##©##.#.####E####.#.#.©.#.#
##§.#Y9#.#..#.#...#..°#.#..P.P..#
#≈..####.####.#.#####E#.#.8.8.⌠.#
##..#....Y..#.#.......#.#.....8.#
#≈..#############################
###...#.©.........©.........©.#..
#≈...#...........©...........#..
###..#########################..
#≈.........##.@k©(..##.........
###........#.#ZZ...#.#........#
#≈#≈#§#..#..#...#..#..#≈#≈#≈#
#######..#...#.#...#..#######
#≈..#....#....#..≈#
#######..#...#°#...#..#######
#§#≈#≈#..#..#°Z°#..#..#≈#≈#≈#
###.§......#.#°.k☼○#.#........#
#≈..§......##.......##........§


You could see a catoblepas (wandering), a death drake (catching breath), a
spectral hornet, a spectral centaur warrior and a fire elemental (wandering).

Vanquished Creatures
  A tengu warrior (Gauntlet)
  Pikel (D:7)
  Maurice (D:9)
  Maggie (D:6)
  2 trolls
  Prince Ribbit (D:6)
  Sigmund (D:4)
  5 yaks
  Edmund (D:6)
  A swamp drake (D:9)
  A water moccasin (Sewer)
  4 orc warriors
  A black bear (D:10)
  3 ice beasts
  A sky beast (D:9)
  2 ogres
  A phantom (D:10)
  4 centaurs
  3 bullfrogs
  A wyvern zombie (D:8)
  5 scorpions
  9 killer bees
  8 wights
  A howler monkey (D:8)
  A quasit (D:10)
  A hound (D:4)
  A jelly (D:10)
  4 orc priests
  3 bullfrog skeletons
  3 centaur skeletons
  2 iguanas
  6 orc wizards (D:9)
  7 worker ants
  2 hound skeletons
  2 worker ant zombies
  10 adders
  A shadow imp (D:8)
  A white imp (D:9)
  3 ufetubi
  An ooze (D:2)
  3 adder zombies
  6 adder skeletons
  2 worms
  4 dart slugs
  5 leopard geckos
  36 orcs
  6 giant cockroaches
  6 goblins
  6 hobgoblins
  10 jackals
  10 kobolds
  4 quokkas
  2 ball pythons
  19 bats
  6 frilled lizards
  7 rats
239 creatures vanquished.

Vanquished Creatures (others)
  A demonic plant (Gauntlet)
1 creature vanquished.

Grand Total: 240 creatures vanquished

Notes
Turn   | Place    | Note
-------+----------+-------------------------------------------
     0 | D:1      | tatocazan the Octopode Brigand began the quest for the Orb.
     0 | D:1      | Reached XP level 1. HP: 14/14 MP: 1/1
   195 | D:1      | Reached XP level 2. HP: 13/19 MP: 2/2
   961 | D:1      | Reached XP level 3. HP: 24/24 MP: 3/3
  1078 | D:2      | Reached skill level 6 in Stealth
  1388 | D:2      | Reached XP level 4. HP: 28/30 MP: 4/4
  2305 | D:3      | Found a glowing drain.
  2312 | Sewer    | Entered a sewer
  2329 | Sewer    | Reached XP level 5. HP: 29/35 MP: 5/5
  2389 | Sewer    | Noticed a water moccasin
  2407 | Sewer    | Killed a water moccasin
  2900 | D:3      | Found a sacrificial altar of Ru.
  2966 | D:3      | Reached XP level 6. HP: 32/41 MP: 6/6
  3150 | D:3      | Reached skill level 7 in Stealth
  4095 | D:4      | Noticed an orc warrior
  4104 | D:4      | Killed an orc warrior
  4105 | D:4      | Reached XP level 7. HP: 44/46 MP: 7/7
  4183 | D:4      | Noticed Sigmund
  4203 | D:4      | Killed Sigmund
  4204 | D:4      | Reached skill level 8 in Stealth
  5129 | D:4      | Found an opulent altar of Gozag.
  5154 | D:5      | Entered Level 5 of the Dungeon
  5318 | D:5      | Found an ancient bone altar of Kikubaaqudgha.
  5371 | D:5      | Reached skill level 5 in Short Blades
  5371 | D:5      | Reached XP level 8. HP: 54/54 MP: 8/8
  5506 | D:5      | Found a radiant altar of Vehumet.
  5506 | D:5      | Found an iron altar of Okawaru.
  5776 | D:6      | Noticed Edmund
  5778 | D:6      | Killed Edmund
  5821 | D:6      | Noticed Prince Ribbit
  5827 | D:6      | Noticed Maggie
  5848 | D:6      | Killed Prince Ribbit
  5849 | D:6      | Reached skill level 9 in Stealth
  5854 | D:6      | Killed Maggie
  7702 | D:6      | Reached XP level 9. HP: 59/59 MP: 9/9
  7803 | D:6      | Reached skill level 10 in Stealth
  7872 | D:6      | Noticed Pikel
  7902 | D:7      | Killed Pikel
  8306 | D:7      | Reached skill level 5 in Fighting
  8326 | D:7      | Reached skill level 5 in Throwing
  8443 | D:7      | Reached skill level 11 in Stealth
  8889 | D:7      | Found Makoinorph's Antique Armour Shop.
  8970 | D:7      | Found a staircase to the Ecumenical Temple.
  8975 | Temple   | Entered the Ecumenical Temple
  9034 | Temple   | Became a worshipper of Dithmenos the Shadowed
  9237 | D:8      | Reached skill level 5 in Dodging
  9743 | D:8      | Found a shimmering altar of Xom.
  9775 | D:8      | Found a glowing golden altar of the Shining One.
  9777 | D:8      | Found a burning altar of Makhleb.
  9842 | D:8      | Reached skill level 1 in Invocations
 10261 | D:8      | Reached XP level 10. HP: 44/65 MP: 10/10
 10892 | D:8      | Found an iron altar of Okawaru.
 11676 | D:9      | Found a staircase to the Lair.
 11730 | D:9      | Found a snail-covered altar of Cheibriados.
 11742 | D:9      | Noticed Maurice
 11749 | D:9      | Killed Maurice
 11785 | D:9      | Reached skill level 12 in Stealth
 11852 | D:9      | Found a blossoming altar of Fedhas.
 11855 | D:9      | Noticed a five-headed hydra
 11871 | D:9      | Found a transporter.
 11877 | D:9      | Found a transporter.
 11884 | D:9      | Noticed a great orb of eyes
 12149 | D:9      | Identified the +1 animal skin of Hedging {Rampage rC+
                  | Will+}
 12157 | D:9      | Reached * piety under Dithmenos
 12832 | D:9      | Found a staircase to the Orcish Mines.
 13388 | D:10     | Entered Level 10 of the Dungeon
 14940 | D:10     | Reached ** piety under Dithmenos
 14954 | D:10     | Reached skill level 13 in Stealth
 14965 | D:10     | Reached XP level 11. HP: 74/74 MP: 13/13
 14978 | D:10     | Found Adifuis's Distillery.
 15282 | D:11     | Found a frozen archway.
 15295 | D:11     | You fall into a shaft and drop 2 floors!
 15371 | D:13     | Found a gate leading to a gauntlet.
 15373 | D:13     | Found a runed translucent gate.
 15374 | D:13     | Found a runed translucent gate.
 15377 | Gauntlet | Entered a Gauntlet
 15377 | Gauntlet | Found a transporter.
 15377 | Gauntlet | Found a transporter.
 15377 | Gauntlet | Found the +8 frozen axe "Frostbite" {freezing cloud, *Noise
                  | +Fly rC+}
 15398 | Gauntlet | Found a transporter.
 15405 | Gauntlet | Noticed a tengu warrior
 15406 | Gauntlet | Found a transporter.
 15406 | Gauntlet | Found a transporter.
 15406 | Gauntlet | Found a transporter.
 15408 | Gauntlet | Found a transporter.
 15408 | Gauntlet | Found a transporter.
 15419 | Gauntlet | Found a transporter.
 15420 | Gauntlet | Found the -2 hat of the Alchemist {rElec rPois rF+ rC+ rN+
                  | Will+ rMut rCorr}
 15435 | Gauntlet | Found a transporter.
 15442 | Gauntlet | Noticed a catoblepas
 15445 | Gauntlet | Found a transporter.
 15462 | Gauntlet | Found a transporter.
 15499 | Gauntlet | Found a transporter.
 15505 | Gauntlet | Noticed a death scarab
 15510 | Gauntlet | Found a transporter.
 15543 | Gauntlet | Noticed a death drake
 15571 | Gauntlet | Killed a tengu warrior
 15930 | Gauntlet | Got a heavily runed pewter ring
 15930 | Gauntlet | Engulfed by a death drake's foul pestilence

Illustrated notes

Levels and vault maps discovered:
D:1:      ebering_trefoil_twist, layout_basic
D:2:      layout_rooms, hangedman_feature_mirror, minmay_tall_x
D:3:      layout_basic, gup_sewer_entry_bubbles, st_stairs_10,
          nicolae_ru_great_annihilating_truth
D:4:      layout_loops_ring, nicolae_overflow_hidden_temple, minmay_puff,
          uniq_sigmund
D:5:      layout_loops_ring, gammafunk_temple_overflow_wave,
          kennysheep_little_box
D:6:      layout_gridville, serial_shops, kennysheep_mini, uniq_eustachio,
          uniq_pikel, uniq_menkaure, uniq_prince_ribbit1, uniq_edmund,
          uniq_maggie
D:7:      layout_basic, temple_statues, serial_shops, shop, solitary_fountain,
          kb_lookout_dungeons_type
D:8:      layout_loops_corners, lemuel_crystal_altar,
          grunt_temple_overflow_open, st_stairs_5, minmay_misc_feat_tiny,
          okawaru_trees_2
D:9:      layout_basic, gammafunk_temple_overflow_arena, erik_orc_1,
          basic_altar, uniq_maurice
D:10:     layout_stronghold, serial_shops, shop
D:11:     layout_roguey, portal_ice_cave_entry_pillars_1, tgw_xom
D:13:     layout_loops_cross, gammafunk_ghost_split, gauntlet_entry_generic,
          minmay_statue_bubble
Temple:   nicolae_temple_great_sept
Gauntlet: gammafunk_gauntlet_mixed_choke_point
          [minmay_gauntlet_arena_77_radiant_squares,
          minmay_gauntlet_arena_77_double_cross,
          minmay_gauntlet_arena_77_chump_sandwich, nicolae_gauntlet_arena_x,
          minmay_gauntlet_arena_77_museum, minmay_gauntlet_arena_77_two_paths,
          minmay_gauntlet_arena_77_mirror, gauntlet_exit_spiral]

Skill      XL: |  1  2  3  4  5  6  7  8  9 10 11 |
---------------+----------------------------------+-----
Stealth        | 6 7 8 9 11 13 | 13.3
Short Blades   | 3 4 5 6 7 9 |  9.3
Dodging        | 2 3 4 5 6 |  6.3
Fighting       | 3 4 5 6 |  6.6
Throwing       | 3 4 5 |  5.1
Invocations    | 1 3 4 |  4.1

Action                   |  1- 3 |  4- 6 |  7- 9 | 10-12 || total
-------------------------+-------+-------+-------+-------++-------
Melee: Dagger            |    79 |   121 |   218 |       ||   418
       Constrict         |    20 |    21 |    44 |    40 ||   125
       Tentacles         |    15 |    19 |    72 |    77 ||   183
       Short sword       |       |       |    92 |   238 ||   330
Throw: Dart              |       |       |       |    15 ||    15
Evoke: Wand              |       |       |     7 |     5 ||    12
  Use: Potion            |     1 |     3 |     7 |     3 ||    14
       Scroll            |       |     3 |     5 |    10 ||    18
 Stab: Sleeping          |     5 |    22 |    19 |    18 ||    64
       Distracted        |       |     1 |       |     2 ||     3
       Confused          |       |       |       |     1 ||     1
       Paralysed         |       |       |       |     1 ||     1
Armor: Skin              |    13 |    12 |    23 |    19 ||    67
Dodge: Dodged            |    50 |    56 |   166 |   175 ||   447
Block: Other             |       |       |    48 |    35 ||    83
       Reflection        |       |       |     2 |       ||     2

Table legend: (Time is in decaauts)
 A = Elapsed time spent in this place.
 B = Non-inter-level travel time spent in this place.
 C = Inter-level travel time spent in this place.
 D = Time resting spent in this place.
 E = Time spent auto-exploring this place.
 F = Levels seen in this place.
 G = Mean time per level.
                   A        B        C        D        E       F      G
               +--------+--------+--------+--------+--------+-----+--------+
         Total |  15717 |  15469 |    248 |   7477 |   6222 |  15 | 1047.8 |
       Dungeon |  14704 |  14465 |    239 |   6873 |   5916 |  12 | 1225.3 |
        Temple |     69 |     60 |      9 |      0 |     56 |   1 |   69.0 |
         Sewer |    391 |    391 |      0 |    257 |     99 |   1 |  391.0 |
      Gauntlet |    552 |    552 |      0 |    347 |    151 |   1 |  552.0 |
               +--------+--------+--------+--------+--------+-----+--------+

Top non-repeatable levels by time:
     D:9: 2778 daAuts
     D:6: 2082 daAuts
     D:8: 1720 daAuts
     D:4: 1596 daAuts
     D:7: 1595 daAuts
     D:3: 1204 daAuts
    D:10: 1087 daAuts
     D:1: 1051 daAuts
     D:2: 857 daAuts
     D:5: 611 daAuts
Gauntlet: 552 daAuts
   Sewer: 391 daAuts
    D:13: 79 daAuts
  Temple: 69 daAuts
    D:11: 38 daAuts
